 Dungeon Crawl Stone Soup version 0.18-a0-949-g5bbc315 (webtiles) character file.

368 Arkorax the Skirmisher (level 6, 49/49 HPs)
             Began as a Demonspawn Wanderer on Dec 30, 2015.
             Was a Follower of Trog.
             Quit the game on level 3 of the Dungeon.
             The game lasted 00:04:43 (3884 turns).

Arkorax the Skirmisher (Demonspawn Wanderer)        Turns: 3884, Time: 00:04:43

Health: 49/49      AC: 10    Str: 15    XL:     6   Next: 41%
Magic:  6/6        EV:  6    Int: 12    God:    Trog [*.....]
Gold:   109        SH:  0    Dex: 13    Spells: 0 memorised, 5 levels left

rFire  . . .     SeeInvis .     q - +1 falchion (freeze)
rCold  . . .     Gourm    .     i - +0 chain mail
rNeg   . . .     Faith    .     (no shield)
rPois  .         Spirit   +     (no helmet)
rElec  .         Dismiss  .     (no cloak)
rCorr  .         Reflect  .     (no gloves)
SustAt .         Harm     .     (no boots)
MR     .....                    (no amulet)
Stlth  ..........               (no ring)
                                h - ring of wizardry

@: not resistant to hostile enchantments, extremely unstealthy
A: icy blue scales 1, demonic guardian 1, magic shield
a: Berserk, Burn Spellbooks, Renounce Religion


You were on level 3 of the Dungeon.
You worshipped Trog.
Trog was aware of your devotion.
You were not hungry.

You visited 1 branch of the dungeon, and saw 3 of its levels.

You collected 109 gold pieces.

Inventory:

Hand Weapons
 a - a +2 dagger
 d - a +0 hand axe
 l - a +0 long sword
 q - a +1 falchion of freezing (weapon)
Armour
 i - a +0 chain mail (worn)
Jewellery
 h - a ring of wizardry (left hand)
Scrolls
 c - 2 scrolls of fear {unknown}
 f - a scroll of recharging {unknown}
 g - 2 scrolls of fog {unknown}
 j - 8 scrolls of identify {unknown}
 m - 3 scrolls of remove curse {unknown}
Potions
 b - a potion of haste
 e - 2 potions of resistance
 k - a potion of mutation {unknown}
 n - a potion of curing {unknown}
 o - a potion of flight {unknown}
 p - a potion of lignification {unknown}
 r - a potion of cure mutation {unknown}


   Skills:
 + Level 4.7 Fighting
 - Level 0.3(2.1) Short Blades
 + Level 3.4(3.5) Long Blades
 - Level 1.8(2.0) Axes
   Level 1.0(1.5) Polearms
 - Level 1.0 Throwing
 - Level 3.6 Armour
 - Level 1.0 Dodging
 - Level 1.0 Stealth


You had 5 spell levels left.
You didn't know any spells.

Dungeon Overview and Level Annotations

Branches:
Dungeon (3/15)

Altars:
Trog
Yredelemnul


Innate Abilities, Weirdness & Mutations

You are partially covered in icy blue scales (AC +1).
A weak demonic guardian rushes to your aid.
When hurt, damage is shared between your health and your magic reserves.


Message History

No target in view!
No target in view!
No target in view!
No target in view!
No target in view!
No target in view!
No target in view!
No target in view!
No target in view!
No target in view!
No target in view!
No target in view!
No target in view!
Things that are here:
a mace; a scale mail; 2 stones You now have 109 gold pieces (gained 12).
A bat comes into view.
A bat is nearby!
A bat is nearby!
Are you sure you want to abandon this character and quit the game? (Confirm with "yes".)

..##......# #.###### ..........#
##.#....##### #.##.####.#
##...........#
..##.####.###........8...#
..##....(..###...#..8.8..#
########...# ##.##.8._.8.#
...........####.#...8.8..########
.####.........#.#....8...##......
.####...........@........##.#####
>.............#.......##.......##
#####....b.####.......###.#.##...
#......# #...........#.#####
#......# #.......#####......
#..†#######........# #######
#...# #......).....# #.... #...#
#.####.#.###.######....
#####...###.#.......##.#.........


You could see a bat.

Vanquished Creatures
  Grinder (D:3)
  Jessica (D:3)
  Ijyb (D:3)
  Natasha (twice) (D:3)
  An orc priest (D:3)
  3 adders
  An ooze (D:3)
  3 worms
  A giant gecko (D:3)
  8 orcs
  4 giant cockroaches
  5 goblins
  12 hobgoblins
  9 kobolds
  A quokka (D:3)
  5 bats
  6 giant newts
  5 rats
69 creatures vanquished.

Vanquished Creatures (collateral kills)
  A quokka (D:3)
1 creature vanquished.

Grand Total: 70 creatures vanquished

Notes
Turn   | Place    | Note
--------------------------------------------------------------
     0 | D:1      | Arkorax the Demonspawn Wanderer began the quest for the Orb.
     0 | D:1      | Arkorax set off with: a +2 dagger, a potion of haste, a +0 ring mail, a +0 hand axe, a bread ration
     0 | D:1      | Reached XP level 1. HP: 15/15 MP: 1/1
   409 | D:1      | Gained mutation: A weak demonic guardian rushes to your aid. [demonic ancestry]
   409 | D:1      | Reached XP level 2. HP: 18/21 MP: 2/2
  1422 | D:2      | Gained mutation: When hurt, damage is shared between your health and your magic reserves. [demonic ancestry]
  1422 | D:2      | Reached XP level 3. HP: 19/27 MP: 3/3
  1602 | D:2      | Found a basalt altar of Yredelemnul.
  1847 | D:2      | HP: 1/28 [worm (1)]
  1849 | D:2      | Reached skill level 1 in Long Blades
  2336 | D:3      | Noticed Ijyb
  2338 | D:3      | Noticed Natasha
  2358 | D:3      | Killed Natasha
  2358 | D:3      | Reached XP level 4. HP: 26/35 MP: 2/4
  2369 | D:3      | Killed Ijyb
  2385 | D:3      | Noticed Grinder
  2387 | D:3      | Paralysed by Grinder for 6 turns
  2429 | D:3      | Killed Grinder
  2429 | D:3      | Reached skill level 4 in Fighting
  2429 | D:3      | Reached XP level 5. HP: 21/42 MP: 2/5
  2475 | D:3      | Noticed Jessica
  2486 | D:3      | Killed Jessica
  2486 | D:3      | Gained mutation: You are partially covered in icy blue scales (AC +1). [demonic ancestry]
  2486 | D:3      | Reached XP level 6. HP: 9/48 MP: 1/6
  2842 | D:3      | Noticed Natasha
  2870 | D:3      | Killed Natasha
  3601 | D:3      | Found a faded altar to an unknown god.
  3633 | D:3      | Became a worshipper of Trog the Wrathful
  3633 | D:3      | Reached * piety under Trog
  3884 | D:3      | Quit the game

Vault maps used:
D:1:      ncdulo_wetmaze, serial_co_window_serial, co_window_paths_a,
          co_window_paths_a, co_window_paths_a, co_window_corner_a,
          co_window_paths_a, co_window_paths_a, co_window_paths_b,
          co_window_corner_b, co_window_corner_b, co_window_corner_cb,
          co_window_4corner_b, co_window_4corner_a, glass_columns_b,
          glass_columns_a, glass_columns_b, glass_columns_a
D:2:      lemuel_doored_altar, serial_forest, infiniplex_forest_corner_1,
          infiniplex_forest_clump_medium, infiniplex_forest_straight_1,
          infiniplex_forest_zigzag_1, infiniplex_forest_lined_2,
          infiniplex_forest_clump_long, infiniplex_forest_clump_medium,
          infiniplex_forest_clump_long, minivault_4
D:3:      ecumenical_altar_2, supply_closet_lemuel, minmay_item_behind_shaft,
          uniq_jessica, uniq_iyjb, uniq_grinder, uniq_natasha

Action                   |  1- 3 |  4- 6 || total
-------------------------+-------+-------++-------
Melee: Hand axe          |    62 |       ||    62
       Dagger            |    65 |       ||    65
       Long sword        |    34 |   134 ||   168
       Falchion          |       |    23 ||    23
  Use: Potion            |       |     2 ||     2
 Stab: Distracted        |       |     1 ||     1
  Eat: Chunk             |     1 |     1 ||     2
       Bread ration      |     1 |       ||     1
       Meat ration       |       |     1 ||     1
